 Dungeon Crawl Stone Soup version 0.19.1 (webtiles) character file.

10367 Idleism the Basher (level 11, -2/60 HPs)
             Began as a Vine Stalker Fighter on Dec 4, 2016.
             Was a High Priest of Okawaru.
             Slain by a manticore (5 damage)
             ... on level 11 of the Dungeon.
             The game lasted 00:42:16 (9549 turns).

Idleism the Basher (Vine Stalker Fighter)           Turns: 9549, Time: 00:42:18

Health: -2/60      AC: 10    Str: 20    XL:     11   Next: 61%
Magic:  0/13       EV:  9    Int:  8    God:    Okawaru [*****.]
Gold:   460        SH: 13    Dex: 19    Spells: 0 memorised, 10 levels left

rFire  + . .     SeeInvis +     H - +2 whip (flame)
rCold  . . .     Gourm    .     A - +3 leather armour {rF+}
rNeg   . . .     Faith    .     k - +2 shield
rPois  +         Spirit   +     h - +1 helmet {SInv}
rElec  .         Reflect  .     (no cloak)
rCorr  .         Harm     .     (no gloves)
MR     +....                    R - +0 pair of boots
Stlth  +.........               (no amulet)
                                O - +3 ring of dexterity
                                e - ring of poison resistance

@: barbed spikes
A: fangs 3, regeneration 1, magic shield, antimagic bite, no device heal 3, rot
immunity
a: Heroism, Finesse, Renounce Religion


You were on level 11 of the Dungeon.
You worshipped Okawaru.
Okawaru was extremely pleased with you.
You were not hungry.

You visited 2 branches of the dungeon, and saw 12 of its levels.
You also visited: Ossuary.

You collected 460 gold pieces.

Inventory:

Hand Weapons
 j - a +0 whip of venom
 p - a +0 flail
 u - the +2 short sword "Tesmof" {speed, *Contam rElec rF+ SInv, unknown}
   (You found it on level 10 of the Dungeon)

   Attacks with this weapon are significantly faster.
   It protects you from fire.
   It insulates you from electricity.
   It lets you see invisible.
   It causes magical contamination when unequipped.
 x - a +1 spear of venom
 H - a +2 whip of flaming (weapon)
 I - a +4 hand axe
Missiles
 d - 10 steel javelins (quivered)
 m - 7 javelins
 s - 6 tomahawks
 T - 4 tomahawks of returning
 X - a throwing net
Armour
 b - a +0 scale mail
 h - a +1 helmet of see invisible (worn)
 k - a +2 shield (worn)
 A - a +3 leather armour of fire resistance (worn)
 G - a +0 plate armour
 R - a +0 pair of boots (worn)
Jewellery
 e - a ring of poison resistance (left hand)
 t - an uncursed ring of protection from fire
 E - an uncursed ring of positive energy
 O - a +3 ring of dexterity (right hand)
 W - an uncursed ring of positive energy
Wands
 n - a wand of enslavement (16/24)
 S - a wand of flame (22/48)
 Z - a wand of flame (9/48)
Scrolls
 c - 11 scrolls of remove curse
 l - 7 scrolls of identify
 o - 2 scrolls of teleportation
 q - 2 scrolls of enchant weapon
 w - a scroll of recharging
 y - 2 scrolls of enchant armour {unknown}
 C - 2 scrolls of amnesia {unknown}
 J - a scroll of fog {unknown}
 M - a scroll of holy word {unknown}
 P - 2 scrolls of fear {unknown}
 V - a scroll of magic mapping
Potions
 a - 4 potions of heal wounds {unknown}
 g - 7 potions of curing
 r - 2 potions of lignification {unknown}
 v - a potion of berserk rage {unknown}
 B - a potion of brilliance {unknown}
 K - a potion of agility {unknown}
 N - 2 potions of degeneration {unknown}
 U - 2 potions of flight {unknown}
Books
 D - a book of Cantrips

   Spells                             Type                      Level
   a - Confusing Touch                Hexes                        1
   b - Animate Skeleton               Necromancy                   1
   c - Summon Small Mammal            Summoning                    1
   d - Apportation                    Translocation                1
 F - a book of Maledictions

   Spells                             Type                      Level
   a - Corona                         Hexes                        1
   b - Ensorcelled Hibernation        Hexes/Ice                    2
   c - Confuse                        Hexes                        3
   d - Tukima's Dance                 Hexes                        3
   e - Dazzling Spray                 Conjuration/Hexes            3
 Q - the Handbook of Poisoning and Moulding
   (You found it on level 7 of the Dungeon)

   Spells                             Type                      Level
   a - Mephitic Cloud                 Conjuration/Poison/Air       3
   b - Spider Form                    Transmutation/Poison         3
   c - Statue Form                    Transmutation/Earth          6
   d - Hydra Form                     Transmutation                6
Comestibles
 f - 9 bread rations
 i - 6 meat rations
 z - 7 beef jerkies
 L - 5 chunks of flesh
 Y - 4 fruits


   Skills:
 - Level 8.0 Fighting
   Level 1.9 Long Blades
 - Level 6.1(8.6) Axes
 - Level 9.5(10.2) Maces & Flails
 + Level 7.1 Armour
 - Level 6.0 Shields
 - Level 2.3 Invocations


You had 10 spell levels left.
You didn't know any spells.

Dungeon Overview and Level Annotations

Branches:
Dungeon (11/15)            Temple (1/1) D:7            Lair (0/6) D:10
    Orc: D:9-12

Altars:
Ashenzari
Cheibriados
Elyvilon
Gozag
Makhleb
Nemelex Xobeh
Okawaru
Ru
Trog
Uskayaw
Yredelemnul

Shops:
D:8 [   D:11 !

Annotations:
D:8 Gastronok
D:10 Erica, Fannar, Harold, Snorg


Innate Abilities, Weirdness & Mutations

You have razor-sharp teeth.
Your natural rate of healing is unusually fast.
When hurt, damage is shared between your health and your magic reserves.
Your bite disrupts and absorbs the magic of your enemies.
Potions and wands cannot restore your health.
You are immune to rotting.


Message History

The manticore is severely wounded.
You hit the manticore but do no damage. You bite the manticore.
You drain its power.
You feel invigorated.
The manticore is severely wounded.
You block the manticore's attack. The manticore claws you.
* * * LOW HITPOINT WARNING * * *
The manticore claws you but does no damage.
You barely miss the manticore.
The manticore is severely wounded.
You block the manticore's attack. x2; The manticore claws you.
* * * LOW HITPOINT WARNING * * *
You hit the manticore. You burn the manticore.
The manticore is severely wounded.
Your shield and leather armour prevent you from hitting the manticore.
Your bite misses the manticore.
The manticore is severely wounded.
The manticore bites you!
* * * LOW HITPOINT WARNING * * *
The manticore claws you!
You die...

##########.# #.# #.#
####.###
#......####.#
#...........#
###......#####
............######
####......#..@H..#
....................
..#......#......#.##
∩......##.#.........
.......
#.#.###...... ..##..
..#.# ...... .. #.#
###.# ###.#. #. #.
.#


You could see a manticore.

Vanquished Creatures
  A queen ant (D:9)
  The ghost of Philosophy the Spear-Bearer, a novice MfGl (D:8)
  Pikel (D:6)
  2 ugly things (D:9)
  A cyclops (D:8)
  Grinder (D:5)
  2 hippogriffs
  A wraith (D:10)
  A wyvern (D:8)
  3 yaks (D:10)
  Menkaure (D:4)
  A mottled dragon (D:11)
  17 soldier ants (D:9)
  A water moccasin (D:9)
  Duvessa (D:5)
  2 orc warriors
  An ice beast (D:6)
  A slave (D:6)
  3 sky beasts
  5 ogres
  3 centaurs
  2 big kobolds (D:8)
  3 bullfrogs
  An elf zombie (Ossuary)
  A water moccasin zombie (D:8)
  5 scorpions
  Dowan (D:5)
  3 howler monkeys
  A bullfrog zombie (D:8)
  3 crimson imps
  3 hounds
  3 centaur zombies (Ossuary)
  3 human zombies (Ossuary)
  2 orc priests (D:6)
  A bullfrog skeleton (D:10)
  2 centaur skeletons (D:5)
  2 iguanas
  6 orc wizards
  28 worker ants
  A big kobold zombie (Ossuary)
  A hound zombie (D:5)
  2 hound skeletons
  2 mummies (Ossuary)
  8 gnolls
  14 adders
  5 shadow imps
  An ooze (D:3)
  2 adder zombies
  5 worms
  8 leopard geckos
  28 orcs
  2 ball pythons
  4 bats
  8 giant cockroaches
  4 goblins
  5 hobgoblins
  19 jackals
  16 kobolds
  2 quokkas
  4 frilled lizards
  9 hobgoblin zombies (Ossuary)
  A jackal skeleton (D:6)
  2 jackal zombies (Ossuary)
  7 kobold zombies (Ossuary)
  A leopard gecko skeleton (D:4)
  10 orc zombies (Ossuary)
  A quokka skeleton (D:9)
  4 rats (D:3)
296 creatures vanquished.

Notes
Turn   | Place    | Note
-------+----------+-------------------------------------------
     0 | D:1      | Idleism the Vine Stalker Fighter began the quest for the Orb.
     0 | D:1      | Reached XP level 1. HP: 11/11 MP: 2/2
   533 | D:2      | Reached skill level 1 in Maces & Flails
   550 | D:2      | Found an iron altar of Okawaru.
   552 | D:2      | Found a basalt altar of Yredelemnul.
   557 | D:2      | Reached XP level 2. HP: 16/16 MP: 3/3
   561 | D:2      | Found an opulent altar of Gozag.
   581 | D:2      | Became a worshipper of Warmaster Okawaru
   895 | D:2      | Reached skill level 2 in Maces & Flails
  1317 | D:3      | Reached XP level 3. HP: 15/19 MP: 4/4
  1923 | D:3      | Reached skill level 3 in Maces & Flails
  1938 | D:3      | Gained mutation: Your natural rate of healing is unusually fast. [Vine Stalker growth]
  1938 | D:3      | Reached XP level 4. HP: 23/23 MP: 5/5
  2838 | D:4      | Reached XP level 5. HP: 26/27 MP: 4/6
  2910 | D:4      | Reached skill level 4 in Maces & Flails
  2943 | D:4      | Noticed Menkaure
  2951 | D:5      | Entered Level 5 of the Dungeon
  2989 | D:5      | Noticed a sky beast
  3004 | D:5      | Killed a sky beast
  3011 | D:5      | Reached skill level 5 in Maces & Flails
  3053 | D:5      | Reached XP level 6. HP: 31/32 MP: 7/7
  3120 | D:5      | Noticed Grinder
  3123 | D:5      | Paralysed by Grinder for 6 turns
  3146 | D:5      | Killed Grinder
  3146 | D:5      | Reached * piety under Okawaru
  3146 | D:5      | Reached skill level 6 in Maces & Flails
  3146 | D:5      | Reached XP level 7. HP: 17/35 MP: 8/8
  3220 | D:5      | Found a burning altar of Makhleb.
  3486 | D:5      | Noticed Dowan
  3504 | D:5      | Killed Dowan
  3517 | D:5      | Noticed Duvessa
  3540 | D:5      | Killed Duvessa
  3540 | D:5      | Reached skill level 7 in Maces & Flails
  4485 | D:5      | Gained mutation: You have razor-sharp teeth. [Vine Stalker growth]
  4485 | D:5      | Reached XP level 8. HP: 39/39 MP: 9/9
  4615 | D:6      | Reached skill level 8 in Maces & Flails
  4839 | D:6      | Noticed Pikel
  4907 | D:6      | Reached ** piety under Okawaru
  4907 | D:6      | Reached skill level 5 in Fighting
  4912 | D:6      | Got a dazzling dagger {chaos}
  4993 | D:6      | Identified the +4 dagger of Conformity {chaos, +Fly MR+} (You took it off an orc priest on level 6 of the Dungeon)
  5045 | D:6      | Reached skill level 1 in Invocations
  5235 | D:6      | Reached skill level 1 in Axes
  5409 | D:6      | Killed Pikel
  5409 | D:6      | Reached skill level 5 in Axes
  5409 | D:6      | Reached XP level 9. HP: 34/47 MP: 9/11
  5598 | D:4      | Killed Menkaure
  5732 | D:4      | Reached *** piety under Okawaru
  6076 | D:7      | Found a staircase to the Ecumenical Temple.
  6086 | Temple   | Entered the Ecumenical Temple
  6187 | D:7      | Identified the Handbook of Poisoning and Moulding
  6198 | D:7      | Reached skill level 9 in Maces & Flails
  6734 | D:8      | Found Lanisef's Armour Shoppe.
  6762 | D:8      | Noticed Philosophy's ghost (novice MfGl)
  6795 | D:8      | Killed Philosophy's ghost
  6795 | D:8      | Received a gift from Okawaru
  6795 | D:8      | Reached skill level 5 in Shields
  6795 | D:8      | Reached XP level 10. HP: 33/51 MP: 12/12
  6929 | D:8      | Reached **** piety under Okawaru
  6956 | D:8      | Noticed a cyclops
  7004 | D:8      | Found a sand-covered staircase.
  7008 | Ossuary  | Entered an ossuary
  7522 | D:8      | Killed a cyclops
  7522 | D:8      | Received a gift from Okawaru
  7588 | D:8      | Noticed Gastronok
  7846 | D:9      | Found a faded altar of an unknown god.
  7846 | D:9      | Found a white marble altar of Elyvilon.
  7851 | D:9      | Found a faded altar of an unknown god.
  7853 | D:9      | Found a bloodstained altar of Trog.
  7855 | D:9      | Found a hide-covered altar of Uskayaw.
  8063 | D:9      | Noticed a queen ant
  8100 | D:9      | Killed a queen ant
  8100 | D:9      | Reached ***** piety under Okawaru
  8165 | D:9      | Reached XP level 11. HP: 35/60 MP: 10/13
  8269 | D:9      | Noticed a green ugly thing
  8296 | D:9      | Killed a green ugly thing
  8458 | D:9      | Reached skill level 5 in Armour
  8732 | D:9      | Noticed a purple ugly thing
  8756 | D:9      | Killed a purple ugly thing
  9030 | D:10     | Entered Level 10 of the Dungeon
  9131 | D:10     | Got a jewelled short sword
  9163 | D:10     | Noticed an enchanted double sword
  9165 | D:10     | Noticed an orc knight
  9165 | D:10     | Noticed a deep elf knight
  9166 | D:10     | Noticed Harold
  9166 | D:10     | Noticed Erica
  9380 | D:10     | Noticed Fannar
  9382 | D:10     | Noticed Snorg
  9383 | D:10     | Found a staircase to the Lair.
  9528 | D:11     | Found Kusm's Distillery.
  9533 | D:11     | Noticed a manticore
  9549 | D:11     | HP: 3/60 [manticore (4)]
  9549 | D:11     | Slain by a manticore

Skill      XL: |  1  2  3  4  5  6  7  8  9 10 11 |
---------------+----------------------------------+-----
Maces & Flails | 1 2 3 5 6 7 8 9 |  9.5
Fighting       | 5 8 |  8.0
Invocations    | 2 |  2.3
Axes           | 5 6 |  6.1
Shields        | 5 6 |  6.0
Armour         | 3 7 |  7.1
Long Blades    | |  1.9

Action                   |  1- 3 |  4- 6 |  7- 9 | 10-12 || total
-------------------------+-------+-------+-------+-------++-------
Melee: Whip              |    80 |   119 |   335 |   671 ||  1205
       Bite              |    23 |    29 |   145 |   320 ||   517
       Long sword        |     1 |       |       |       ||     1
       Hand axe          |       |       |    42 |       ||    42
Invok: Heroism           |       |       |     6 |    16 ||    22
       Finesse           |       |       |       |     1 ||     1
  Use: Potion            |       |       |     3 |       ||     3
       Scroll            |       |       |     4 |     9 ||    13
 Stab: Sleeping          |       |       |     1 |     1 ||     2
  Eat: Chunk             |     3 |     4 |    10 |     7 ||    24
       Pizza             |       |       |     1 |     2 ||     3
Armor: Scale mail        |    19 |    46 |     6 |       ||    71
       Leather armour    |       |       |    58 |    81 ||   139
Dodge: Dodged            |    13 |    32 |    83 |   107 ||   235
Block: Shield            |    36 |    64 |   156 |   257 ||   513
